 Dungeon Crawl Stone Soup version 0.30-a0-782-ge64f9170bb (webtiles) character file.

Game seed: 12668974025167264181

359277 tilp the Myrmidon (level 24, -1/201 HPs)
             Began as a Meteoran Fighter on Mar 7, 2023.
             Was an Elder of Okawaru.
             Slain by a death scarab (20 damage)
             ... summoned by a royal mummy
             ... led by Khufu
             ... on level 3 of the Crypt on Mar 9, 2023.
             The game lasted 02:41:53 (22067 turns).

tilp the Myrmidon (Meteoran Fighter)               Turns: 22067, Time: 02:41:54

Health: -1/201     AC: 35    Str: 18    XL:     24   Next: 11%
Magic:  36/36      EV: 23    Int: 12    God:    Okawaru [****..]
Gold:   1359       SH: 23    Dex: 28    Spells: 23/23 levels left

rFire   + . .      SeeInvis .    a - +8 double sword (flame)
rCold   . . .      Faith    .    e - +2 kite shield {rF+}
rNeg    . . .      Spirit   .    S - +0 crystal plate armour
rPois   .          Reflect  +    q - +2 helmet
rElec   .          Harm     .    y - +1 cloak
rCorr   .          Rampage  .    H - +2 pair of gloves {Dex+3}
Will    +++..      Clarity  +    R - +2 pair of slick slippers {slick, slippery, EV+5} Stlth
                                 i - amulet of reflection
HPRegen 0.53/turn                v - +5 ring of evasion
MPRegen 0.25/turn                t - +4 ring of slaying

@: about to teleport, slowed, glowing, studying 2 skills, very slow
A: sense surroundings 3, otherworldly, glowing, explore regen, iridescent scales
1, clarity, frail 1, low MP 1, wild magic 1
}: 3/15 runes: serpentine, barnacled, abyssal
a: Renounce Religion, Heroism, Finesse


You were on level 3 of the Crypt.
You worshipped Okawaru.
Okawaru was greatly pleased with you.
You visited 8 branches of the dungeon, and saw 38 of its levels.
You visited the Abyss 1 time.
You also visited: Bailey, Gauntlet and Wizlab.

You collected 4196 gold pieces.
You spent 2837 gold pieces at shops.

Inventory:

Hand Weapons
 a - a +8 double sword of flaming (weapon)
 b - a +3 vampiric scimitar
Missiles
 m - 2 curare-tipped darts
 A - 31 boomerangs (quivered)
 C - 3 throwing nets {!f}
 D - 15 silver javelins
 E - 5 datura-tipped darts
 F - 28 javelins
 Z - 4 silver boomerangs
Armour
 e - a +2 kite shield of fire resistance (worn)
 p - the +3 pair of boots of Qazlal's Pride {+Inv Int+3}
   (You found it on level 3 of the Shoals)

   Int:       It affects your intelligence (+3).
   +Inv:      It lets you turn invisible.
 q - a +2 helmet (worn)
 y - a +1 cloak (worn)
 H - a +2 pair of gloves of dexterity (worn)
 R - the +2 pair of slick slippers (worn) {slick, slippery, EV+5}
   (You acquired it in a wizard's laboratory)

   Slick:     Its wearer cannot be constricted, engulfed, netted or webbed.
   Slippery:  It slips away from damaging melee attacks, pulling the attacker
   onward.
   EV:        It affects your evasion (+5).
 S - a +0 crystal plate armour (worn)
 X - a scarf of resistance
Jewellery
 c - a ring of poison resistance
 h - a ring of protection from cold
 i - an amulet of reflection (around neck)
 t - a +4 ring of slaying (right hand)
 v - a +5 ring of evasion (left hand)
 B - a ring of see invisible
 U - a ring of flight
Wands
 f - a wand of mindburst (22)
 n - a wand of digging (19)
 w - a wand of flame (18)
 M - a wand of polymorph (4)
 Q - a wand of iceblast (8)
 W - a wand of acid (24)
Scrolls
 g - 4 scrolls of brand weapon
 k - 11 scrolls of teleportation
 s - 5 scrolls of fog
 I - 7 scrolls of blinking
 J - 2 scrolls of silence
 N - 4 scrolls of fear
 O - 3 scrolls of vulnerability
 P - 4 scrolls of magic mapping
Potions
 d - 2 potions of mutation
 j - 2 potions of ambrosia
 l - 2 potions of attraction
 o - 11 potions of curing
 u - 4 potions of lignification
 x - 3 potions of cancellation
 z - 4 potions of haste
 L - 3 potions of might
 T - 3 potions of berserk rage
 V - a potion of resistance
Miscellaneous
 r - a phial of floods
 K - a tin of tremorstones (2/2)
 Y - a condenser vane


   Skills:
 + Level 20.1 Fighting
 + Level 18.4 Long Blades
 * Level 10.7 Throwing
 + Level 12.3 Armour
 + Level 20.1 Dodging
 - Level 4.0 Stealth
 + Level 14.5 Shields
 + Level 24.1 Invocations
 * Level 12.7 Evocations


You had 23 spell levels left.
You didn't know any spells.
Your spell library was empty.

Dungeon Overview and Level Annotations

Branches:
Dungeon (15/15) Zot: 1995  Temple (1/1) D:5 Zot: 497    Lair (5/5) D:8 Zot: 217
 Shoals (4/4) Lair:2 Zot: 205   Snake (4/4) Lair:3 Zot: 130     Orc (2/2) D:11 Zot: 205
    Elf (0/3) Orc:2        Vaults (4/5) D:13 Zot: 1487   Crypt (3/3) Vaults:3 Zot: 621
 Depths (0/4) D:15         Bailey (visited)          WizLab (visited)
Gauntlet (visited)
  Slime: Lair:4-5      Tomb: Crypt:3

Altars:
Ashenzari
Cheibriados
Dithmenos
Elyvilon
Fedhas
Gozag
Hepliaklqana
Kikubaaqudgha
Makhleb
Nemelex Xobeh
Okawaru
Qazlal
Sif Muna
Trog
Uskayaw
Vehumet
Wu Jian
Xom
Yredelemnul
Zin
The Shining One

Shops:
D:3 *   D:5 [   Orc:2 ([[!:   Shoals:1 (*   Shoals:2 (

Annotations:
Lair:4 1 runed translucent door, Rafuutu's ghost, journeyman DDFi
Crypt:3 Khufu


Innate Abilities, Weirdness & Mutations

You passively map a large area around you.
You are easily found by Zot.
You glow in the dark.
You regain HP and MP as you explore.
You are partially covered in iridescent scales. (AC +2)
You possess an exceptional clarity of mind.
You are frail. (-10% HP)
Your magical capacity is low. (-10% MP)
Your spells are a little harder to cast, but a little more powerful.


Message History

You assume a fearsome visage.
The death scarab is unaffected.
The emperor scorpion looks frightened! x2; The death scarab is unaffected. x2
The emperor scorpion looks frightened!
The emperor scorpion resists with almost no effort.
The emperor scorpion looks frightened! x2; The emperor scorpion easily resists. x2
The royal mummy is unaffected. x2; The jiangshi is unaffected.
You block the death scarab's attack.
The death scarab waves its antennae.
You block the jiangshi's attack. The jiangshi barely misses you.
The jiangshi completely misses you. The jiangshi claws you.
* * * LOW HITPOINT WARNING * * *
The jiangshi draws strength from your injuries!
You slip backwards!
The royal mummy calls on the powers of darkness!
The emperor scorpion convulses! x2; Your body is wracked with pain!
* * * LOW HITPOINT WARNING * * *
The emperor scorpion convulses! x3; The jiangshi claws you.
* * * LOW HITPOINT WARNING * * *
The jiangshi draws strength from your injuries!
You slip backwards!
Unknown command.
You feel much better. The jiangshi closely misses you.
You block the jiangshi's attack. The death scarab barely misses you.
You block the death scarab's attack.
The jiangshi claws you but does no damage.
You block the jiangshi's attack.
The royal mummy gestures wildly while chanting.
You block the death scarab's attack. The death scarab bites you!
* * * LOW HITPOINT WARNING * * *
The death scarab draws strength from your injuries!
The jiangshi completely misses you. x2
The royal mummy gestures wildly while chanting.
The death scarab completely misses you.
Unknown command.
As you read the scroll of teleportation, it crumbles to dust.
You feel strangely unstable.
The emperor scorpion seems to regain its courage.
The emperor scorpion disappears in a puff of smoke! x2
The death scarab bites you!!
You die...

* #............. * * *
#+#######'''##### , , *,, ,
,##...###.......### , , * ,
#..8.....8...8.... , , ,,
#................. * *' *'
#..8..8s.8...8..8.
#................. 8 ,, ,
#Bs8.s8..8...8..8. * , , *
#@Vs..s........... * '
#B.8.M8Ms8s..8..8. ** ,
**##.B...ยงยง.s...[... , ..
#[#'#'#s#..s#'#'# **, ,...
, #)#.#.#.#'ss#.#.# , **
.....######)#######.[.#####
.....#...##.#.......[......
*
.........##.#..............
,
.....8...##.##.............


You could see 2 royal mummies, 7 emperor scorpions, a jiangshi and 3 death
scarabs.

Vanquished Creatures
  2 dread liches
  An ancient lich (Abyss:3)
  Vashnia (Snake:2)
  Margery (Arena)
  3 bone dragons
  Zenata (Crypt:2)
  Mlioglotl (Arena)
  A shard shrike skeleton (Crypt:3)
  A titan (Shoals:4)
  5 liches (Abyss:3)
  3 ancient champions
  2 Executioners
  3 sphinxes
  Polyphemus (Shoals:2)
  13 tentacled starspawn (Abyss:3)
  Kirke (Snake:1)
  A sphinx (shapeshifter) (Abyss:3)
  5 nagarajas
  A revenant (Crypt:2)
  A fire giant (D:11)
  4 vault wardens
  A balrug (Abyss:3)
  2 curse skulls
  2 cacodemons (WizLab)
  A ghost moth (Abyss:3)
  A draconian shifter (Abyss:3)
  An angel (Abyss:3)
  2 orc warlords
  5 ironbound preservers
  A ghoul (Crypt:1)
  A stone giant (D:14)
  5 caustic shrike skeletons (Crypt:3)
  An ironbound thunderhulk (Vaults:1)
  3 very ugly things
  3 reapers
  2 lorocyprocas
  3 vampire knights
  A green draconian (Arena)
  A minotaur (Gauntlet)
  An eidolon (Abyss:3)
  A blizzard demon (Abyss:3)
  An acid blob zombie (Crypt:1)
  A deep elf death mage (Crypt:1)
  8 merfolk javelineers
  2 fire dragons
  4 yaktaur captains
  7 ettins
  A spriggan zombie (Crypt:1)
  4 merfolk impalers
  Josephine (D:13)
  3 great orbs of eyes
  A quicksilver dragon skeleton (Crypt:3)
  5 salamander tyrants
  2 ice dragons (D:15)
  2 rakshasas (Abyss:3)
  3 hydras
  8 vault guards
  2 spriggan skeletons (Crypt:3)
  An ironbound frostheart (Vaults:2)
  3 catoblepae
  5 anacondas
  4 merfolk avatars
  6 hell hogs (Abyss:3)
  A satyr (Shoals:3)
  3 centaur warriors
  7 death yaks
  6 merfolk aquamancers
  A dancing weapon (Abyss:3)
  3 two-headed ogres
  8 boulder beetles
  10 thrashing horrors
  10 naga warriors
  8 death knights
  A tengu warrior (D:13)
  2 orc high priests (Arena)
  Urug (D:10)
  10 naga sharpshooters
  3 titan skeletons (Crypt:3)
  6 shock serpents
  A fire crab (Arena)
  5 soul eaters
  4 hell knights
  4 skysharks
  A shadow wraith (Shoals:1)
  4 spatial maelstroms (Abyss:3)
  9 wretched stars (Abyss:3)
  A sixfirhy (Abyss:3)
  24 skeletal warriors
  4 salamander mystics
  A shadow demon (WizLab)
  8 sea snakes
  6 flayed ghosts
  3 glowing orange brains (Abyss:3)
  A bunyip skeleton (Crypt:3)
  4 wizards
  5 lindwurms
  12 deep trolls
  Pikel (D:8)
  A harpy (shapeshifter) (Abyss:3)
  6 naga ritualists
  7 phantasmal warriors
  6 necromancers
  2 anaconda skeletons
  49 harpies
  4 ironbound convokers
  5 orc knights
  8 mana vipers
  11 ugly things
  2 wolf spiders (shapeshifter) (Gauntlet)
  4 orc sorcerers
  An oklob plant (Lair:2)
  10 salamanders
  6 cyclopes
  18 elephants
  A centaur zombie (Crypt:3)
  10 merfolk sirens
  17 manticores
  3 worldbinders (Abyss:3)
  2 rust devils (Abyss:3)
  6 fauns
  A torpor snail (Lair:4)
  5 guardian serpents
  6 apocalypse crabs (Abyss:3)
  3 molten gargoyles (Lair:5)
  29 black mambas
  A vault sentinel (Vaults:1)
  A demonic crawler (Abyss:3)
  9 smoke demons
  9 water nymphs
  22 naga magi
  4 gargoyles
  3 cane toads
  2 dire elephant skeletons
  An unseen horror (D:11)
  A hellion (WizLab)
  A centaur skeleton (Crypt:3)
  2 orange demons (Abyss:3)
  A kobold demonologist (D:11)
  9 yaktaurs
  2 efreet
  4 freezing wraiths
  2 ice devils (WizLab)
  6 ancient zymes (Abyss:3)
  8 komodo dragons
  A pale draconian skeleton (Crypt:2)
  A tormentor (Abyss:3)
  2 harpy zombies
  A grey draconian skeleton (Crypt:2)
  A polar bear (shapeshifter) (D:15)
  A silent spectre (Abyss:3)
  2 meliai (shapeshifter)
  A queen bee (shapeshifter) (Gauntlet)
  10 merfolk
  4 trolls
  5 hornets
  A tyrant leech (Abyss:3)
  48 starcursed masses (Abyss:3)
  3 polar bears
  3 harpy skeletons
  10 raiju (Abyss:3)
  10 wind drakes
  9 snapping turtles
  A stone giant simulacrum (Crypt:1)
  9 dream sheep
  Sigmund (D:6)
  4 slime creatures
  2 vampires
  6 air elementals (Shoals:4)
  A centaur simulacrum (D:11)
  12 water elementals
  2 ettin skeletons
  30 yaks
  4 shadows (D:11)
  16 small abominations (Abyss:3)
  10 wraiths
  5 basilisks
  4 fire bats (Abyss:3)
  14 flying skulls
  6 wyverns
  6 ynoxinuls
  3 hogs (Snake:1)
  20 humans
  5 chaos spawn
  2 steam dragons (Lair:5)
  A redback (shapeshifter) (D:14)
  7 neqoxecs
  17 vampire mosquitoes
  5 acid dragons
  19 large abominations (Abyss:3)
  8 wargs
  A harpy simulacrum (Crypt:3)
  46 nagas
  8 water moccasins
  4 hell hounds (Lair:5)
  A black bear (D:5)
  A floating eye (Abyss:3)
  41 orc warriors
  An ice beast (D:8)
  A dream sheep zombie (Crypt:3)
  12 centaurs
  8 ogres
  53 wolves
  A phantom (D:5)
  A kobold brigand (D:8)
  An elf zombie (Crypt:1)
  5 bullfrogs
  2 necrophages (D:6)
  A gnoll sergeant (D:8)
  A komodo dragon skeleton (Crypt:1)
  40 wights
  A yak zombie (Crypt:1)
  17 killer bees
  4 howler monkeys (D:11)
  5 lava snakes (Lair:5)
  An electric eel (D:12)
  A hound (D:5)
  A jelly (D:5)
  3 gnoll boudas
  26 orc priests
  3 iguanas
  An iron imp (Abyss:3)
  27 orc wizards
  A statue (D:9)
  An ice beast zombie (Crypt:2)
  A sky beast zombie (Crypt:3)
  Robin (D:3)
  A howler monkey zombie (Crypt:3)
  20 gnolls
  4 adders
  2 shadow imps
  2 white imps (Abyss:3)
  7 ufetubi
  A worm (D:3)
  4 dart slugs
  103 orcs
  3 ball pythons
  3 bats
  A bat zombie (Crypt:1)
  4 endoplasms
  10 goblins (D:3)
  4 hobgoblins
  A quokka (D:5)
  A frilled lizard (D:3)
  A gnoll skeleton (Crypt:1)
  7 kobolds
  2 rats (D:2)
  2 rat skeletons
  A bush (Lair:2)
  9 starspawn tentacles (Abyss:3)
1502 creatures vanquished.

Vanquished Creatures (others)
  A merfolk javelineer (Shoals:4)
  A naga warrior (Snake:1)
  3 harpies
  A manticore (Shoals:2)
  A black mamba (Snake:3)
  A flying skull (Crypt:2)
  A naga (Snake:3)
  An orc wizard (D:5)
  An ufetubus (Abyss:3)
  15 fungi
  2 lurking horrors (Abyss:3)
  91 plants
  28 starspawn tentacles (Abyss:3)
147 creatures vanquished.

Grand Total: 1649 creatures vanquished

Notes
Turn   | Place    | Note
-------+----------+-------------------------------------------
     0 | D:1      | tilp the Meteoran Fighter began the quest for the Orb.
     0 | D:1      | Reached XP level 1. HP: 19/19 MP: 2/2
     3 | D:1      | Noticed an electric eel
     3 | D:1      | Noticed an electric eel
    92 | D:2      | Reached XP level 2. HP: 24/26 MP: 3/3
   197 | D:3      | Reached skill level 1 in Dodging
   208 | D:4      | Reached XP level 3. HP: 31/31 MP: 4/4
   473 | D:3      | Found Joeshunn's Assorted Antiques.
   483 | D:3      | Bought 2 red potions for 37 gold pieces
   483 | D:3      | Bought a red potion for 18 gold pieces
   499 | D:3      | Reached XP level 4. HP: 37/40 MP: 5/5
   529 | D:3      | Noticed Robin
   555 | D:3      | Killed Robin
   777 | D:3      | Reached XP level 5. HP: 46/46 MP: 6/6
   815 | D:5      | Entered Level 5 of the Dungeon
   821 | D:5      | Noticed an ogre
   830 | D:5      | Killed an ogre
   831 | D:5      | Reached skill level 5 in Long Blades
   831 | D:5      | Reached XP level 6. HP: 31/52 MP: 7/7
   838 | D:5      | Found a staircase to the Ecumenical Temple.
   864 | Temple   | Entered the Ecumenical Temple
   950 | Temple   | Became a worshipper of Warmaster Okawaru
  1008 | D:3      | Bought a red potion for 18 gold pieces
  1195 | D:4      | Reached skill level 1 in Invocations
  1331 | D:5      | Noticed a water moccasin
  1342 | D:5      | Killed a water moccasin
  1342 | D:5      | Reached * piety under Okawaru
  1343 | D:5      | Reached skill level 1 in Throwing
  1343 | D:5      | Reached XP level 7. HP: 31/60 MP: 7/9
  1363 | D:5      | Reached skill level 2 in Invocations
  1499 | D:5      | Found Tacoix's Antique Armour Shoppe.
  1508 | D:5      | Reached skill level 3 in Invocations
  1508 | D:5      | Reached XP level 8. HP: 53/67 MP: 9/11
  1604 | D:5      | Bought a cloak for 121 gold pieces
  1795 | D:6      | Reached skill level 5 in Fighting
  1875 | D:6      | Noticed Sigmund
  1963 | D:6      | Noticed a troll
  1970 | D:6      | Killed a troll
  1970 | D:6      | Reached ** piety under Okawaru
  1971 | D:6      | Reached skill level 4 in Invocations
  1987 | D:6      | Killed Sigmund
  1988 | D:6      | Reached skill level 5 in Invocations
  1988 | D:6      | Gained mutation: You passively map the area around you.
                  | [Meteoran growth]
  1988 | D:6      | Reached XP level 9. HP: 59/75 MP: 13/13
  2088 | D:7      | Found a bloodstained altar of Trog.
  2176 | D:7      | Reached skill level 6 in Invocations
  2197 | D:7      | Found a burning altar of Makhleb.
  2197 | D:7      | Noticed a cacodemon
  2391 | D:7      | Found a flagged portal.
  2463 | D:7      | Reached *** piety under Okawaru
  2526 | Bailey   | Entered a bailey
  2732 | Bailey   | Noticed an orc knight
  2740 | Bailey   | Reached skill level 5 in Dodging
  2740 | Bailey   | Reached skill level 7 in Invocations
  2768 | Bailey   | Reached XP level 10. HP: 11/86 MP: 16/16
  2951 | Bailey   | Identified a scroll of acquirement
  2951 | Bailey   | Acquired 987 gold pieces
  3118 | D:8      | Reached skill level 8 in Invocations
  3126 | D:8      | Noticed Pikel
  3134 | D:8      | Killed Pikel
  3134 | D:8      | Reached **** piety under Okawaru
  3135 | D:8      | Reached skill level 10 in Long Blades
  3140 | D:8      | Reached skill level 1 in Evocations
  3287 | D:9      | Reached skill level 1 in Stealth
  3335 | D:8      | Found a snail-covered altar of Cheibriados.
  3386 | D:8      | Found a sparkling altar of Nemelex Xobeh.
  3403 | D:8      | Found a staircase to the Lair.
  3475 | D:9      | Found a radiant altar of Vehumet.
  3585 | D:10     | Entered Level 10 of the Dungeon
  3592 | D:10     | Reached ***** piety under Okawaru
  3593 | D:10     | Reached XP level 11. HP: 95/95 MP: 18/18
  3679 | D:9      | Reached skill level 9 in Invocations
  3761 | D:9      | Received a gift from Okawaru
  3764 | D:9      | Reached skill level 5 in Shields
  3798 | D:9      | Found Vuj Ziyz's Magic Scroll Shoppe.
  3830 | D:9      | Bought a scroll of immolation for 52 gold pieces
  3830 | D:9      | Bought a scroll of amnesia for 52 gold pieces
  3830 | D:9      | Bought a scroll of identify for 26 gold pieces
  3830 | D:9      | Bought a scroll of vulnerability for 52 gold pieces
  3830 | D:9      | Bought a scroll of blinking for 97 gold pieces
  3830 | D:9      | Bought a scroll of identify for 26 gold pieces
  3830 | D:9      | Bought a scroll of enchant armour for 97 gold pieces
  3830 | D:9      | Bought 3 scrolls of teleportation for 117 gold pieces
  3830 | D:9      | Bought a scroll of brand weapon for 123 gold pieces
  3830 | D:9      | Bought a scroll of poison for 52 gold pieces
  3830 | D:9      | Bought a scroll of teleportation for 39 gold pieces
  3962 | D:9      | Reached skill level 5 in Armour
  4482 | D:10     | Received a gift from Okawaru
  4492 | D:11     | Noticed a boulder beetle
  4518 | D:11     | Killed a boulder beetle
  4560 | D:10     | Noticed Urug
  4582 | D:10     | Killed Urug
  4583 | D:10     | Reached skill level 10 in Invocations
  4675 | D:10     | Noticed a two-headed ogre
  4683 | D:10     | Killed a two-headed ogre
  4684 | D:10     | Reached XP level 12. HP: 105/105 MP: 20/20
  4788 | D:11     | Paralysed by a hornet for 1 turns
  4917 | D:11     | Reached skill level 10 in Fighting
  4956 | D:11     | Found a staircase to the Orcish Mines.
  4986 | D:11     | Noticed a boulder beetle
  5025 | D:11     | Killed a boulder beetle
  5054 | D:11     | Reached skill level 11 in Invocations
  5198 | D:11     | Noticed a boulder beetle
  5228 | D:11     | Killed a boulder beetle
  5249 | D:11     | Noticed a death knight
  5273 | D:11     | Killed a death knight
  5276 | D:11     | Noticed a deep troll
  5283 | D:11     | Killed a deep troll
  5283 | D:11     | Received a gift from Okawaru
  5295 | D:11     | Reached skill level 12 in Invocations
  5338 | D:11     | Noticed a boulder beetle
  5355 | D:11     | Noticed a boulder beetle
  5362 | D:11     | Reached XP level 13. HP: 58/113 MP: 23/23
  5377 | D:11     | Killed a boulder beetle
  5377 | D:11     | Received a gift from Okawaru
  5406 | D:11     | Noticed a death knight
  5424 | D:11     | Killed a death knight
  5436 | D:11     | Killed a boulder beetle
  5452 | D:11     | Noticed a death knight
  5464 | D:11     | Killed a death knight
  5465 | D:11     | Noticed a fire dragon
  5471 | D:11     | Reached skill level 10 in Dodging
  5475 | D:11     | Killed a fire dragon
  5482 | D:11     | Noticed a two-headed ogre
  5488 | D:11     | Noticed a yaktaur captain
  5494 | D:11     | Killed a two-headed ogre
  5508 | D:11     | Killed a yaktaur captain
  5509 | D:11     | Noticed a stone giant
  5509 | D:11     | Noticed a catoblepas
  5509 | D:11     | Noticed a five-headed hydra
  5580 | Arena    | Entered the Arena
  5627 | D:11     | Killed a two-headed hydra
  5721 | D:11     | Noticed a fire giant
  5731 | D:11     | Killed a fire giant
  5805 | Arena    | Entered the Arena
  5818 | Arena    | Killed a catoblepas
  5819 | Arena    | Reached skill level 5 in Evocations
  5963 | Lair:1   | Entered Level 1 of the Lair of Beasts
  5973 | Lair:1   | Reached skill level 5 in Throwing
  6071 | Lair:1   | Found a gate leading to a gauntlet.
  6129 | Lair:2   | Reached XP level 14. HP: 122/122 MP: 24/24
  6140 | Lair:2   | Identified the +2 helmet of Antique Lucidity {rF- rC+ Str-5
                  | Dex+4} (Okawaru gifted it to you on level 2 of the Lair of
                  | Beasts)
  6140 | Lair:2   | Received a gift from Okawaru
  6172 | Lair:2   | Reached skill level 13 in Invocations
  6273 | Gauntlet | Entered a Gauntlet
  6273 | Gauntlet | Found a transporter.
  6273 | Gauntlet | Found a transporter.
  6273 | Gauntlet | Found a transporter.
  6274 | Gauntlet | Found a transporter.
  6275 | Gauntlet | Found a transporter.
  6278 | Gauntlet | Found a transporter.
  6285 | Gauntlet | Found a transporter.
  6286 | Gauntlet | Found a transporter.
  6287 | Gauntlet | Found a transporter.
  6289 | Gauntlet | Found a transporter.
  6297 | Gauntlet | Found a transporter.
  6297 | Gauntlet | Found a transporter.
  6315 | Gauntlet | a goliath frog changed into a quicksilver ooze
  6315 | Gauntlet | Noticed a quicksilver ooze (glowing shapeshifter)
  6436 | Gauntlet | Identified the ring "Mumi Zel" {Fly rF- Str+5 Int-4 Dex+8}
  6452 | Gauntlet | Identified the +6 chain mail "Jeun" {-Tele Harm rPois}
  6452 | Gauntlet | Noticed a minotaur
  6461 | Gauntlet | Killed a minotaur
  6643 | Lair:2   | Found a staircase to the Shoals.
  7536 | Lair:3   | Reached skill level 14 in Invocations
  7560 | Lair:4   | Noticed Rafuutu's ghost (journeyman DDFi)
  7560 | Lair:4   | Found a runed translucent door.
  7779 | Lair:3   | Reached XP level 15. HP: 121/132 MP: 20/26
  7827 | Lair:3   | Found a staircase to the Snake Pit.
  7978 | Lair:4   | Reached ****** piety under Okawaru
  8034 | Lair:5   | Entered Level 5 of the Lair of Beasts
  8049 | Lair:4   | Reached skill level 15 in Invocations
  8099 | Lair:5   | Received a gift from Okawaru
  8516 | Arena    | Entered the Arena
  8619 | Lair:5   | Found a large runed translucent door.
  8620 | Lair:5   | Found a large runed translucent door.
  9118 | Orc:1    | Entered Level 1 of the Orcish Mines
  9125 | Arena    | Entered the Arena
  9151 | D:11     | Received a gift from Okawaru
  9200 | Orc:1    | Paralysed by an orc sorcerer for 2 turns
  9288 | Orc:2    | Entered Level 2 of the Orcish Mines
  9381 | Orc:2    | Found a staircase to the Elven Halls.
  9390 | Orc:2    | Reached XP level 16. HP: 141/141 MP: 28/28
  9405 | Orc:2    | Found Jufoos's Book Boutique.
  9471 | Orc:2    | Identified the +0 pair of boots of Fun {rPois} (Okawaru
                  | gifted it to you on level 2 of the Orcish Mines)
  9471 | Orc:2    | Received a gift from Okawaru
  9524 | Orc:2    | Found Xiqic's Distillery.
  9600 | Orc:2    | Found Zapn's Armour Shoppe.
  9748 | Arena    | Entered the Arena
  9871 | Orc:2    | Found Keiq's Antique Armour Emporium.
  9875 | Orc:2    | Found Somaqumm's Antique Weapon Shoppe.
  9951 | Orc:2    | Bought a potion of lignification for 42 gold pieces
  9951 | Orc:2    | Bought a potion of brilliance for 56 gold pieces
  9951 | Orc:2    | Bought a potion of resistance for 140 gold pieces
  9951 | Orc:2    | Bought a potion of might for 56 gold pieces
  9951 | Orc:2    | Bought a potion of cancellation for 112 gold pieces
  9951 | Orc:2    | Bought a potion of berserk rage for 70 gold pieces
  9951 | Orc:2    | Bought a potion of curing for 42 gold pieces
  9951 | Orc:2    | Bought a potion of ambrosia for 112 gold pieces
  9986 | Orc:2    | Bought a manual of Shields for 1040 gold pieces
 10047 | Orc:1    | Found an iron altar of Okawaru.
 10506 | D:14     | Noticed Josephine
 10548 | D:13     | Killed Josephine
 10742 | D:13     | Received a gift from Okawaru
 10757 | D:13     | Found a gate to the Vaults.
 10799 | D:13     | Received a gift from Okawaru
 10805 | D:13     | Reached skill level 16 in Invocations
 10932 | D:14     | Found a runed translucent door.
 10945 | D:14     | Received a gift from Okawaru
 10946 | D:14     | Reached skill level 15 in Long Blades
 10946 | D:14     | Reached skill level 10 in Armour
 10985 | D:15     | Entered Level 15 of the Dungeon
 11040 | D:15     | Found a staircase to the Depths.
 11710 | Snake:1  | Entered Level 1 of the Snake Pit
 11832 | Snake:2  | Reached XP level 17. HP: 121/152 MP: 30/30
 11898 | Arena    | Entered the Arena
 11928 | Arena    | Entered the Arena
 12116 | Snake:3  | Identified the +1 buckler of the Desert {rF+++ rCorr Dex-4
                  | SInv} (Okawaru gifted it to you on level 3 of the Snake
                  | Pit)
 12116 | Snake:3  | Received a gift from Okawaru
 12123 | Arena    | Entered the Arena
 12146 | Arena    | Entered the Arena
 12206 | Snake:3  | Reached skill level 15 in Fighting
 12399 | Snake:2  | Noticed Vashnia
 12435 | Snake:2  | Reached skill level 17 in Invocations
 12473 | Snake:2  | Killed Vashnia
 12584 | Snake:4  | Entered Level 4 of the Snake Pit
 12725 | Snake:4  | Noticed a nagaraja
 12781 | Snake:3  | Killed a nagaraja
 12848 | Snake:4  | Reached skill level 15 in Dodging
 12848 | Snake:4  | Gained mutation: You passively map a large area around you.
                  | [Meteoran growth]
 12848 | Snake:4  | Reached XP level 18. HP: 163/163 MP: 31/31
 12877 | Snake:4  | Reached skill level 18 in Invocations
 13202 | Snake:4  | Received a gift from Okawaru
 13310 | Snake:4  | Got a serpentine rune of Zot
 13461 | Snake:1  | Noticed Kirke
 13484 | Snake:1  | Killed Kirke
 13634 | Snake:1  | Received a gift from Okawaru
 13713 | Snake:1  | Noticed Mlioglotl
 13723 | Arena    | Entered the Arena
 13740 | Arena    | Killed Mlioglotl
 13987 | Snake:1  | Received a gift from Okawaru
 14332 | Shoals:1 | Entered Level 1 of the Shoals
 14342 | Shoals:1 | Found Herixo's Assorted Antiques.
 14346 | Shoals:1 | Found Poxeowitz's Weapon Shop.
 14411 | Shoals:1 | Reached skill level 10 in Shields
 14437 | Shoals:1 | Bought a scroll of magic mapping for 120 gold pieces
 14437 | Shoals:1 | Bought a scroll of magic mapping for 120 gold pieces
 14491 | Shoals:2 | Found Qufiem's Weapon Shoppe.
 14521 | Shoals:2 | Received a gift from Okawaru
 14576 | Shoals:3 | Identified the +3 pair of boots of Qazlal's Pride {+Inv
                  | Int+3}
 14631 | Shoals:2 | Reached XP level 19. HP: 172/172 MP: 33/33
 14689 | Shoals:3 | Identified the +1 robe "Qucaties" {Dex+3}
 14704 | Shoals:3 | Identified the +5 scimitar of Nigaog {venom, Dex+3}
                  | (Okawaru gifted it to you on level 3 of the Shoals)
 14704 | Shoals:3 | Received a gift from Okawaru
 14792 | Shoals:4 | Entered Level 4 of the Shoals
 14912 | Shoals:4 | Paralysed by an air elemental for 1 turns
 14914 | Shoals:4 | Paralysed by an air elemental for 1 turns
 14917 | Shoals:4 | Paralysed by an air elemental for 1 turns
 14923 | Shoals:4 | Paralysed by an air elemental for 1 turns
 14928 | Shoals:4 | Paralysed by an air elemental for 1 turns
 14934 | Shoals:4 | Paralysed by an air elemental for 1 turns
 14936 | Arena    | Entered the Arena
 14959 | Shoals:4 | Paralysed by an air elemental for 1 turns
 15049 | Shoals:4 | Received a gift from Okawaru
 15150 | Shoals:4 | HP: 3/174 [merfolk javelineer/silver javelin (15)]
 15224 | Shoals:4 | Noticed a titan
 15267 | Shoals:4 | Killed a titan
 15320 | Shoals:4 | Received a gift from Okawaru
 15400 | Shoals:4 | Identified the +9 spear of the Head {heavy, Int+3 Dex+5
                  | Stlth-}
 15415 | Shoals:4 | Reached skill level 10 in Evocations
 15423 | Shoals:4 | Reached skill level 10 in Throwing
 15443 | Shoals:4 | Reached skill level 19 in Invocations
 15456 | Shoals:4 | Paralysed by an air elemental for 1 turns
 15489 | Shoals:4 | Got a barnacled rune of Zot
 15502 | Shoals:4 | Identified the +5 great sword "Zoch" {freeze, Fly rPois
                  | Int-2 Stlth-}
 15590 | Shoals:4 | Identified the +7 chain mail "Wyehudd" {rF- rN+++} (Okawaru
                  | gifted it to you on level 4 of the Shoals)
 15590 | Shoals:4 | Received a gift from Okawaru
 15654 | Shoals:4 | Paralysed by an air elemental for 1 turns
 15665 | Shoals:4 | Paralysed by an air elemental for 1 turns
 15911 | Shoals:4 | Paralysed by an air elemental for 1 turns
 15916 | Shoals:4 | Paralysed by an air elemental for 1 turns
 15920 | Shoals:4 | Paralysed by an air elemental for 1 turns
 15926 | Shoals:4 | Paralysed by an air elemental for 1 turns
 15928 | Arena    | Entered the Arena
 15946 | Shoals:4 | Paralysed by an air elemental for 1 turns
 15951 | Shoals:4 | Paralysed by an air elemental for 1 turns
 15953 | Arena    | Entered the Arena
 15955 | Arena    | Reached XP level 20. HP: 149/184 MP: 26/34
 15963 | Shoals:4 | Paralysed by an air elemental for 1 turns
 15967 | Shoals:4 | Paralysed by an air elemental for 1 turns
 15972 | Shoals:4 | Paralysed by an air elemental for 1 turns
 16367 | Shoals:2 | Noticed Polyphemus
 16393 | Shoals:2 | Killed Polyphemus
 16499 | Shoals:2 | Acquired a manual of Long Blades
 17002 | Vaults:1 | Entered Level 1 of the Vaults
 17097 | Vaults:1 | Found a magical portal.
 17128 | WizLab   | Entered Doroklohe's Tomb
 17352 | WizLab   | Gained mutation: You are frail. (-10% HP) [a cacodemon]
 17489 | WizLab   | Gained mutation: You are dopey. (Int -2) [a neqoxec]
 17507 | Arena    | Entered the Arena
 17517 | Arena    | Reached skill level 20 in Invocations
 17604 | WizLab   | Acquired the +2 pair of slick slippers {slick, slippery,
                  | EV+5}
 17604 | WizLab   | Found the +2 pair of slick slippers {slick, slippery, EV+5}
 17606 | WizLab   | Acquired a +4 double sword of flaming
 17890 | Arena    | Entered the Arena
 17915 | Vaults:2 | Received a gift from Okawaru
 17982 | Vaults:2 | Received a gift from Okawaru
 18033 | Vaults:2 | Reached XP level 21. HP: 169/174 MP: 36/36
 18052 | Vaults:2 | Received a gift from Okawaru
 18202 | Vaults:2 | Reached skill level 21 in Invocations
 18209 | Vaults:2 | Received a gift from Okawaru
 18296 | Vaults:3 | Found a staircase to the Crypt.
 18377 | Abyss:3  | Cast into level 3 of the Abyss (a wizard)
 18425 | Abyss:3  | Noticed a bone dragon
 18444 | Abyss:3  | Killed a bone dragon
 18444 | Abyss:3  | Received a gift from Okawaru
 18592 | Abyss:3  | Gained mutation: You are vulnerable to cold. (rC-) [a
                  | neqoxec]
 18607 | Abyss:3  | Lost mutation: You are vulnerable to cold. (rC-) [potion of
                  | mutation]
 18607 | Abyss:3  | Lost mutation: You are dopey. (Int -2) [potion of mutation]
 18607 | Abyss:3  | Gained mutation: You have hidden genetic potential. [potion
                  | of mutation]
 18607 | Abyss:3  | Gained mutation: Your magical capacity is low. (-10% MP)
                  | [potion of mutation]
 18607 | Abyss:3  | Gained mutation: You are partially covered in iridescent
                  | scales. (AC +2) [potion of mutation]
 18706 | Abyss:3  | Received a gift from Okawaru
 18847 | Abyss:3  | Found a corrupted altar of Lugonu.
 18849 | Abyss:3  | Found a transporter.
 19195 | Arena    | Entered the Arena
 19200 | Arena    | Received a gift from Okawaru
 19235 | Abyss:3  | Found a corrupted altar of Lugonu.
 19294 | Abyss:3  | Paralysed by accursed screaming for 2 turns
 19301 | Abyss:3  | Paralysed by accursed screaming for 2 turns
 19369 | Abyss:3  | Noticed a bone dragon
 19390 | Abyss:3  | Found a corrupted altar of Lugonu.
 19494 | Abyss:3  | Reached XP level 22. HP: 142/142 MP: 34/34
 19533 | Abyss:3  | Noticed a dread lich
 19541 | Abyss:3  | Noticed a Tzitzimitl
 19547 | Abyss:3  | Killed a dread lich
 19547 | Abyss:3  | Received a gift from Okawaru
 19594 | Abyss:3  | Found a corrupted altar of Lugonu.
 19696 | Abyss:3  | Received a gift from Okawaru
 19699 | Abyss:3  | Paralysed by accursed screaming for 1 turns
 19710 | Abyss:3  | Identified the +2 robe of Okawaru's Grace {rN+ Dex+4}
                  | (Okawaru gifted it to you on level 3 of the Abyss)
 19710 | Abyss:3  | Received a gift from Okawaru
 19752 | Arena    | Entered the Arena
 19799 | Abyss:3  | Noticed an ancient lich
 19814 | Abyss:3  | Killed an ancient lich
 19823 | Abyss:3  | Paralysed by accursed screaming for 2 turns
 19827 | Abyss:3  | Gained mutation: You possess an exceptional clarity of
                  | mind. [hidden potential]
 19835 | Abyss:3  | Paralysed by accursed screaming for 1 turns
 20194 | Abyss:3  | Noticed a bone dragon
 20195 | Abyss:3  | Noticed a bone dragon
 20196 | Arena    | Entered the Arena
 20209 | Arena    | Killed a bone dragon
 20261 | Abyss:3  | Found a sacrificial altar of Ru.
 20283 | Abyss:3  | Found a broken altar of Ashenzari.
 20283 | Abyss:3  | Paralysed by accursed screaming for 1 turns
 20289 | Abyss:3  | Paralysed by accursed screaming for 2 turns
 20292 | Abyss:3  | Found a corrupted altar of Lugonu.
 20348 | Abyss:3  | Found a snail-covered altar of Cheibriados.
 20352 | Abyss:3  | Reached skill level 22 in Invocations
 20393 | Abyss:3  | Found a corrupted altar of Lugonu.
 20608 | Abyss:3  | Reached XP level 23. HP: 177/193 MP: 35/35
 20609 | Abyss:3  | Got an abyssal rune of Zot
 20627 | Vaults:4 | Escaped the Abyss
 20744 | Crypt:1  | Entered Level 1 of the Crypt
 20905 | Crypt:1  | Received a gift from Okawaru
 20986 | Crypt:1  | Received a gift from Okawaru
 20987 | Crypt:1  | Reached skill level 23 in Invocations
 20991 | Crypt:1  | Gained mutation: Your spells are a little harder to cast,
                  | but a little more powerful. [hidden potential]
 20991 | Crypt:1  | Lost mutation: You have hidden genetic potential. [hidden
                  | potential expressed]
 21120 | Crypt:1  | Received a gift from Okawaru
 21157 | Crypt:2  | Noticed Margery
 21162 | Arena    | Entered the Arena
 21172 | Arena    | Killed Margery
 21193 | Crypt:2  | Identified the +6 long sword "Moacoess" {flame, rF+ rN+
                  | rCorr Int+4}
 21254 | Crypt:2  | Noticed Zenata
 21296 | Crypt:2  | Killed Zenata
 21297 | Crypt:2  | Reached skill level 24 in Invocations
 21398 | Crypt:3  | Entered Level 3 of the Crypt
 21469 | Crypt:3  | Noticed a bone dragon
 21482 | Crypt:3  | Killed a bone dragon
 21606 | Crypt:3  | Received a gift from Okawaru
 21851 | Crypt:3  | Received a gift from Okawaru
 21916 | Crypt:3  | Reached XP level 24. HP: 201/201 MP: 36/36
 21929 | Crypt:3  | Noticed a dread lich
 21938 | Crypt:3  | Killed a dread lich
 21941 | Crypt:3  | Found the +10 morningstar "Eos" {elec, Halo rElec}
 21945 | Crypt:3  | Identified the +4 morningstar "Beutroco" {pain, Dex+2}
 21967 | Crypt:3  | Identified the +6 short sword of Wiutz {drain, Dex+3
                  | Stlth+}
 21978 | Crypt:3  | Noticed Khufu
 21978 | Crypt:3  | Noticed a royal mummy
 21994 | Crypt:3  | Received a gift from Okawaru
 22022 | Arena    | Entered the Arena
 22056 | Crypt:3  | Noticed a royal mummy
 22065 | Crypt:3  | HP: 7/201 [???[Khufu] (5)]
 22067 | Crypt:3  | Slain by a death scarab

Illustrated notes

Levels and vault maps discovered:
D:1:      arrival_aquarium_b, layout_basic, chequers_serial_rivers_room_b
D:2:      layout_loops_cross, nicolae_hexahallways, uniq_natasha
D:3:      layout_basic, serial_shops, nicolae_shop_overgrown_old_shop,
          minmay_misc_feat_hallway, uniq_robin
D:4:      layout_loops_cross, overflow_temple_1_default
D:5:      layout_basic, minmay_temple_entry_nine_rooms, serial_shops,
          nicolae_shop_stone, minmay_fountain_box, lemuel_flame_loot_1
D:6:      layout_cave_pools, uniq_sigmund, uniq_crazy_yiuf_cottage
D:7:      layout_layer_cave, mainiacjoe_overflow_boulevard,
          makhleb_altar_promises_db, enter_bailey_8,
          amcnicky_mini_corridor_feature
D:8:      layout_rooms, mainiacjoe_overflow_catch_the_wave, lair_entry_dummy,
          uniq_pikel
D:9:      layout_basic, vehumet_statue, serial_shops, shop, special_room
          [special_room_orc]
D:10:     layout_basic, uniq_urug
D:11:     nzn_winding_woodlands_large [nzn_winding_woodlands_5x5_closed_star,
          nzn_winding_woodlands_5x15_river_crossing,
          nzn_winding_woodlands_5x5_perimeter,
          nzn_winding_woodlands_center_lodge,
          nzn_winding_woodlands_15x15_five_gardens,
          nzn_winding_woodlands_center_pierced_h,
          nzn_winding_woodlands_5x5_default, nzn_winding_woodlands_5x15_cabin,
          nzn_winding_woodlands_5x5_default], layout_loops_ring, uniq_grum
D:12:     cheibrodos_helix_gallery, layout_loops_ring,
          nicolae_trove_entry_columns
D:13:     layout_rooms, grunt_vaults_entry_tiered,
          nrook_guardian_serpent_ordinary
D:14:     layout_cave_pools, nicolae_elevator_lobby_plus,
          kennysheep_treasure_room, uniq_josephine
D:15:     grunt_enter_depths_hoard, layout_irregular_city,
          chequers_serial_rivers_micro_d, ashenzari_altar_1
Temple:   eino_temple_rhombus
Lair:1:   layout_misc_corridors, gauntlet_entry_generic, grunt_megastairs_4
Lair:2:   layout_gridlike, nicolae_shoals_entry_roost, minmay_lair_oklob_bushes,
          grunt_forest_large_clearings
Lair:3:   layout_long_grid, guppyfry_snake_entry_garden
Lair:4:   dragon1_lemuel, layout_misc_corridors, slime_entry_1,
          ebering_ghost_funeral_grove
Lair:5:   cheibrodos_lair_end_hotspot, layout_layer_cave,
          grunt_forest_small_clearing_treed
Shoals:1: layout_shoals, serial_shops, nicolae_square_shop,
          nicolae_shop_overgrown_old_shop, nicolae_shoals_hidden_pirate_stash
Shoals:2: layout_shoals, nicolae_take_the_stairs, uniq_polyphemus
Shoals:3: layout_shoals
Shoals:4: shoals_end_hellmonk_storm_palace [storm_palace_center_ruins,
          storm_palace_corner_narrow, storm_palace_corner_narrow,
          storm_palace_corner_reverse_hut, storm_palace_corner_narrow]
Snake:1:  nicolae_snakescales, layout_honeycomb, uniq_mlioglotl, uniq_kirke,
          uniq_louise
Snake:2:  layout_onion, uniq_vashnia
Snake:3:  layout_misc_corridors
Snake:4:  minmay_snake_end_coiled, layout_basic
Orc:1:    layout_diamond_mine, basic_altar, david_defended_altar_orc
Orc:2:    grunt_orc_community_town_hall, layout_diamond_mine,
          grunt_orc_community_big_house_1, grunt_orc_community_big_house_2,
          grunt_orc_community_house_2, grunt_orc_community_house_1,
          grunt_orc_community_house_2, grunt_orc_community_house_3,
          serial_shops, nicolae_shop_behind_doors
Vaults:1: lightli_enter_wizlab_magi_temple, nicolae_vaults_quadrants,
          v_alt_pattern_1, v_misc_27, vaults_standard_mumra_x, v_misc_8,
          v_misc_15, nicolae_vaults_network_quinsquares
          [nicolae_vaults_network_quincunx_subvault,
          nicolae_vaults_network_quincunx_subvault,
          nicolae_vaults_network_quincunx_subvault,
          nicolae_vaults_network_quincunx_subvault], hangedman_vaults_stitches,
          dpeg_vaults_monster_box, vaults_room_door_ring,
          nicolae_vaults_yaktaur_gun_rack, v_misc_24, vaults_dpeg_hooks,
          layout_vaults_omnigrid, serial_shops, nicolae_shop_advertising_works
          [nicolae_subvault_shop_adworks]
Vaults:2: nicolae_vaults_little_squares_3, v_misc_27, v_misc_2, v_misc_18,
          ontoclasm_vaults_gateway, v_alt_pattern_1,
          ontoclasm_vaults_ring_small, ontoclasm_vaults_misaligned,
          vaults_mumra_lcd, layout_vaults_big_room, serial_shops, shop
Vaults:3: vaults_mumra_chevron, blue_anna_dwarven_crypt,
          nicolae_vaults_branching_niches, ontoclasm_vaults_decontamination,
          hangedman_vaults_hat, grunt_vaults_funnel, vaults_mumra_hex,
          ontoclasm_vaults_twist, ontoclasm_vaults_eye, layout_vaults_ring
Vaults:4: ontoclasm_vaults_claustrophobia, ontoclasm_vaults_spin, v_misc_8,
          hangedman_vaults_locks, nicolae_vaults_big_ls,
          vaults_room_grunt_arrival_ludios, vaults_room_pools,
          vaults_room_fours, vaults_room_hallway,
          nicolae_vaults_border_crossing, layout_vaults_omnicross, serial_shops,
          nicolae_shop_hallway_plus, shop, shop, shop,
          nicolae_shop_temple_entry_statues_fountains
Crypt:1:  layout_gridlike, grunt_megastairs_1, grunt_crypt_arrival_webbed,
          uniq_donald
Crypt:2:  layout_misc_corridors, nzn_ghost_randoct, st_chilly_death,
          uniq_zenata, uniq_vv, uniq_margery
Crypt:3:  due_elkab, layout_chaotic_city, uniq_khufu

Skill      XL: |  1  2  3  4  5  6  7  8  9 10 11 12 13 14 15 16 17 18 19 20 21 22 23 |
---------------+----------------------------------------------------------------------+-----
Long Blades    | 3 4 5 6 7 9 10 11 13 14 15 16 17 18 | 18.4
Dodging        | 1 2 3 5 6 7 8 10 11 12 13 15 16 17 18 19 20 | 20.1
Fighting       | 4 6 7 8 9 10 12 14 15 17 18 20 | 20.1
Invocations    | 1 3 5 7 8 10 12 14 15 16 17 18 19 20 21 22 24 | 24.1
Throwing       | 1 2 4 5 6 7 8 9 10 | 10.7
Shields        | 4 5 6 8 10 12 13 14 | 14.5
Armour         | 4 5 6 8 9 10 11 12 | 12.3
Evocations     | 2 4 5 6 7 8 9 10 11 12 | 12.7
Stealth        | 1 2 4 |  4.0

Action                     |  1- 3 |  4- 6 |  7- 9 | 10-12 | 13-15 | 16-18 | 19-21 | 22-24 || total
---------------------------+-------+-------+-------+-------+-------+-------+-------+-------++-------
  Melee: Long sword        |    52 |   151 |       |       |       |       |       |       ||   203
         Falchion          |       |    10 |   261 |    37 |       |       |       |       ||   308
         Scimitar          |       |       |       |   538 |  1215 |  1730 |  1160 |       ||  4643
         Double sword      |       |       |       |       |       |       |   600 |   977 ||  1577
  Throw: Dart              |       |     3 |     5 |     3 |     2 |       |       |       ||    13
         Boomerang         |       |       |       |       |     3 |       |     3 |     3 ||     9
         Javelin           |       |       |       |       |       |       |       |     7 ||     7
 Invoke: Heroism           |       |       |     3 |     4 |    12 |    13 |    10 |     6 ||    48
         Finesse           |       |       |       |     2 |     4 |     3 |     3 |     4 ||    16
         Duel              |       |       |       |       |     4 |     6 |     6 |     4 ||    20
  Evoke: Wand              |       |       |     5 |     9 |     2 |     2 |       |     7 ||    25
         Condenser vane    |       |       |       |       |       |       |     2 |     3 ||     5
    Use: Potion            |       |     3 |     1 |     1 |     1 |     4 |     6 |     5 ||    21
         Scroll            |       |       |     6 |    12 |    11 |     2 |    11 |     7 ||    49
   Stab: Distracted        |       |       |       |       |       |       |     2 |       ||     2
         Petrified         |       |       |       |       |       |       |     6 |       ||     6
         Petrifying        |       |       |       |       |       |       |     1 |       ||     1
 Armour: Scale mail        |    24 |    79 |    67 |   108 |   306 |       |       |       ||   584
         Plate armour      |       |       |    22 |    49 |       |       |       |       ||    71
         Crystal plate arm |       |       |       |       |    31 |   386 |   886 |   225 ||  1528
         Fire dragon scale |       |       |       |       |     7 |       |       |       ||     7
         Chain mail        |       |       |       |       |       |   214 |       |       ||   214
  Dodge: Dodged            |    18 |    25 |    78 |   235 |   716 |   704 |   777 |   320 ||  2873
  Block: Buckler           |    21 |    55 |   137 |   157 |       |       |       |       ||   370
         Reflection        |     1 |     1 |     3 |    14 |     8 |   125 |    46 |     3 ||   201
         Kite shield       |       |       |       |   222 |  1193 |  1730 |  1972 |   800 ||  5917

Table legend: (Time is in decaauts)
 A = Elapsed time spent in this place.
 B = Non-inter-level travel time spent in this place.
 C = Inter-level travel time spent in this place.
 D = Time resting spent in this place.
 E = Time spent auto-exploring this place.
 F = Levels seen in this place.
 G = Mean time per level.
                   A        B        C        D        E       F      G
               +--------+--------+--------+--------+--------+-----+--------+
         Total |  20787 |  17232 |   3555 |    439 |      0 |  65 |  319.8 |
       Dungeon |   7004 |   5147 |   1857 |    144 |      0 |  15 |  466.9 |
        Temple |    102 |     78 |     24 |      0 |      0 |   1 |  102.0 |
          Lair |   2782 |   2089 |    693 |    100 |      0 |   5 |  556.4 |
        Shoals |   2194 |   1959 |    235 |      8 |      0 |   4 |  548.5 |
     Snake Pit |   2269 |   1937 |    332 |      9 |      0 |   4 |  567.2 |
  Orcish Mines |    994 |    776 |    218 |      0 |      0 |   2 |  497.0 |
        Vaults |    911 |    794 |    117 |     14 |      0 |   4 |  227.8 |
         Crypt |   1177 |   1101 |     76 |      0 |      0 |   3 |  392.3 |
         Abyss |   1938 |   1938 |      0 |     20 |      0 |   4 |  484.5 |
        Bailey |    417 |    417 |      0 |      0 |      0 |   1 |  417.0 |
        Wizlab |    420 |    420 |      0 |     35 |      0 |   1 |  420.0 |
      Gauntlet |    187 |    187 |      0 |      0 |      0 |   1 |  187.0 |
         Arena |    387 |    387 |      0 |    107 |      0 |  20 |   19.4 |
               +--------+--------+--------+--------+--------+-----+--------+

Top non-repeatable levels by time:
 Abyss:3: 1938 daAuts
    D:11: 1202 daAuts
  Lair:2: 1058 daAuts
Shoals:4: 964 daAuts
     D:9: 762 daAuts
    D:10: 733 daAuts
 Snake:1: 707 daAuts
   Orc:2: 698 daAuts
 Snake:4: 660 daAuts
     D:5: 650 daAuts
 Crypt:3: 608 daAuts
  Lair:5: 603 daAuts
  Lair:3: 602 daAuts
     D:3: 588 daAuts
 Snake:2: 576 daAuts
